 Dungeon Crawl Stone Soup version 0.31-a0-626-g8143ab4f1d (webtiles) character file.

Game seed: 2939861013360825081

1280 knees the Carver (level 8, 0/67 HPs)
             Began as a Minotaur Gladiator on Aug 24, 2023.
             Succumbed to a killer bee's poison
             ... on level 6 of the Dungeon.
             The game lasted 00:14:16 (4866 turns).

knees the Carver (Minotaur Gladiator)               Turns: 4866, Time: 00:14:16

Health: 0/67       AC: 16    Str: 20    XL:     8   Next: 29%
Magic:  7/7        EV:  7    Int:  5    God:
Gold:   203        SH:  0    Dex: 13    Spells: 7/7 levels left

rFire   . . .        o - +2 falchion (holy)
rCold   . . .        (no shield)
rNeg    . . .        j - +0 plate armour
rPois   .            c - +0 hat
rElec   .            (no cloak)
rCorr   .            (no gloves)
SInv    .            (no boots)
Will    .....        (no amulet) Stlth
                     h - +4 ring of protection
HPRegen 0.31/turn    (no ring)
MPRegen 0.10/turn

%: no passive effects
@: lethally poisoned (0 -> -15)
A: horns 2, retaliatory headbutt
a: no special abilities


You were on level 6 of the Dungeon.
You visited 1 branch of the dungeon, and saw 7 of its levels.

You collected 225 gold pieces.
You spent 22 gold pieces at shops.

Inventory:

Hand Weapons
 a - a +0 long sword
 o - a +2 falchion of holy wrath (weapon)
Armour
 c - a +0 hat (worn)
 j - a +0 plate armour (worn)
Jewellery
 h - a +4 ring of protection (left hand)
Wands
 l - a wand of iceblast (8)
Scrolls
 b - 4 scrolls of identify
 d - a scroll of enchant weapon {unknown}
 g - 3 scrolls of teleportation
Potions
 f - 2 potions of brilliance


   Skills:
 + Level 4.7 Fighting
 + Level 9.3 Long Blades
 + Level 2.3 Throwing
 + Level 6.4 Armour
 + Level 4.2 Dodging


You had 7 spell levels left.
You didn't know any spells.
Your spell library contained the following spells:

 Spells                   Type           Power      Damage    Failure   Level
 Vhi's Electric Charge    Tloc/Air       0%         N/A       100%        3
 Arcjolt                  Conj/Air       0%         1d10      100%        5
 Plasma Beam              Fire/Air       0%         2x1d10    100%        6


Dungeon Overview and Level Annotations

Branches:
Dungeon (7/15)             Temple (0/1) D:7

Altars:
Sif Muna
Trog

Shops:
D:4 ?

Annotations:
D:3 1 runed translucent door, Pkmonkey's ghost, amateur HuCA


Innate Abilities, Weirdness & Mutations

You have a pair of horns on your head.
You reflexively headbutt those who attack you in melee.


Message History

You are more poisoned.
The killer bee poisons you! The killer bee barely misses you.
You furiously retaliate!
You headbutt the killer bee!
The killer bee stings you but does no damage. x2
You slash the killer bee! Your headbutt misses the killer bee.
The killer bee is severely wounded.
You feel very sick.
The killer bee stings you but does no damage. x2
The killer bee stings you.
You are more poisoned.
The killer bee poisons you!
The killer bee stings you but does no damage. x4
The killer bee stings you.
* * * LOW HITPOINT WARNING * * *
The killer bee barely misses you.
The killer bee stings you but does no damage.
You barely miss the killer bee.
The killer bee is severely wounded.
* * * LOW HITPOINT WARNING * * *
You feel very sick.
The killer bee stings you but does no damage. x2
The killer bee stings you.
* * * LOW HITPOINT WARNING * * *
The killer bee barely misses you. You furiously retaliate!
You headbutt the killer bee.
The killer bee stings you but does no damage.
An orc comes into view. It is wielding a +0 club.
The killer bee stings you.
* * * LOW HITPOINT WARNING * * *
The killer bee barely misses you. You furiously retaliate!
You headbutt the killer bee!
You kill the killer bee!
The killer bee stings you but does no damage.
The killer bee barely misses you. You furiously retaliate!
You headbutt the killer bee! You miss the killer bee.
The orc shouts!
You headbutt the killer bee. Your punch misses the killer bee.
The killer bee is severely wounded.
You die...

#.# .. #..
. #.. . #.#
.###.
#.##.....
#.#......
#yys.....
#@#
...o..yy..#
o........##
##########


You could see a scorpion, 4 killer bees and 2 orcs.

Vanquished Creatures
  2 ice beasts (D:6)
  A black bear (D:6)
  An ogre (D:4)
  3 scorpions
  A wight (D:4)
  A killer bee (D:6)
  2 hounds (D:4)
  A jelly (D:4)
  3 orc priests
  A gnoll bouda (D:4)
  Ijyb (D:3)
  Natasha (thrice) (D:3)
  2 iguanas
  2 orc wizards (D:5)
  7 adders
  7 gnolls
  A white imp (D:5)
  2 worms
  A dart slug (D:4)
  18 orcs
  5 bats
  9 endoplasms
  3 giant cockroaches
  5 goblins
  6 hobgoblins
  6 jackals
  5 quokkas
  3 ball pythons
  A frilled lizard (D:1)
  7 kobolds
  2 rats (D:1)
112 creatures vanquished.

Vanquished Creatures (others)
  An orc (D:3)
1 creature vanquished.

Grand Total: 113 creatures vanquished

Notes
Turn   | Place    | Note
-------+----------+-------------------------------------------
     0 | D:1      | knees the Minotaur Gladiator began the quest for the Orb.
     0 | D:1      | Reached XP level 1. HP: 18/18 MP: 0/0
    75 | D:1      | Reached skill level 4 in Long Blades
   173 | D:1      | Reached XP level 2. HP: 25/25 MP: 1/1
   209 | D:1      | You fall into a shaft and drop 1 floor!
   439 | D:2      | Found a bloodstained altar of Trog.
   646 | D:1      | Found a faded altar of an unknown god.
   784 | D:1      | Reached XP level 3. HP: 30/30 MP: 2/2
  1033 | D:2      | Reached skill level 1 in Armour
  1409 | D:3      | Noticed Natasha
  1416 | D:3      | Killed Natasha
  1417 | D:3      | Reached XP level 4. HP: 17/37 MP: 3/3
  1508 | D:3      | Noticed Natasha
  1514 | D:3      | Killed Natasha
  1515 | D:3      | Reached skill level 5 in Long Blades
  1540 | D:3      | Noticed Pkmonkey's ghost (amateur HuCA)
  1559 | D:3      | Noticed Natasha
  1568 | D:3      | Killed Natasha
  1695 | D:3      | Noticed Ijyb
  1716 | D:3      | Killed Ijyb
  1717 | D:3      | Reached XP level 5. HP: 19/45 MP: 4/4
  2214 | D:3      | Found a runed translucent door.
  2497 | D:4      | Found Qevotaom's Magic Scroll Boutique.
  2517 | D:4      | Bought a scroll of identify for 22 gold pieces
  2844 | D:4      | Reached XP level 6. HP: 48/51 MP: 5/5
  2888 | D:4      | Reached skill level 6 in Long Blades
  3158 | D:4      | Reached skill level 7 in Long Blades
  3161 | D:4      | Reached XP level 7. HP: 36/56 MP: 6/6
  3356 | D:4      | Reached skill level 8 in Long Blades
  3668 | D:5      | Entered Level 5 of the Dungeon
  3985 | D:5      | Reached skill level 5 in Armour
  4488 | D:5      | Reached XP level 8. HP: 40/66 MP: 7/7
  4712 | D:6      | Reached skill level 9 in Long Blades
  4775 | D:6      | Found a shimmering blue altar of Sif Muna.
  4858 | D:7      | Found a staircase to the Ecumenical Temple.
  4865 | D:6      | HP: 3/67 [killer bee (3)]
  4866 | D:6      | Succumbed to a killer bee's poison

Illustrated notes

Levels and vault maps discovered:
D:1:      scummos_arrival_star, layout_basic, ebering_ecumenical_altar_hall,
          corexii_leaking_fountain, nrook_mini_backslash,
          hangedman_feature_mirror
D:2:      layout_loops_ring, basic_altar, minivault_19
D:3:      layout_basic, hellmonk_ghost_happy_afterlife, uniq_ijyb, uniq_natasha
D:4:      cheibrodos_barr_body, layout_basic, serial_shops,
          nicolae_shop_getting_attention, minmay_cut_off
D:5:      layout_cave_pods
D:6:      layout_cave_pools, lemuel_tele_altar,
          mainiacjoe_overflow_catwalk_spiral
D:7:      minmay_s_stair_smasher, layout_basic, minmay_temple_entry_crystal_x,
          kennysheep_cluttered_room, minmay_checkerbox

Skill      XL: |  1  2  3  4  5  6  7  8 |
---------------+-------------------------+-----
Long Blades    | 4 5 7 8 9 |  9.3
Armour         | 1 2 3 4 5 6 |  6.4
Fighting       | 3 4 |  4.7
Dodging        | 4 |  4.2
Throwing       | |  2.3

Action                     |  1- 3 |  4- 6 |  7- 9 || total
---------------------------+-------+-------+-------++-------
  Melee: Long sword        |    54 |   111 |       ||   165
         Headbutt          |    11 |    27 |    38 ||    76
         Falchion          |       |    42 |   155 ||   197
    Use: Scroll            |     2 |     5 |     1 ||     8
         Potion            |     1 |     1 |       ||     2
 Armour: Leather armour    |     4 |       |       ||     4
         Plate armour      |    26 |   123 |   134 ||   283
  Dodge: Dodged            |    22 |    63 |    59 ||   144

Table legend: (Time is in decaauts)
 A = Elapsed time spent in this place.
 B = Non-inter-level travel time spent in this place.
 C = Inter-level travel time spent in this place.
 D = Time resting spent in this place.
 E = Time spent auto-exploring this place.
 F = Levels seen in this place.
 G = Mean time per level.
                   A        B        C        D        E       F      G
               +--------+--------+--------+--------+--------+-----+--------+
         Total |   4869 |   4869 |      0 |    794 |   2668 |   7 |  695.6 |
       Dungeon |   4869 |   4869 |      0 |    794 |   2668 |   7 |  695.6 |
               +--------+--------+--------+--------+--------+-----+--------+

Top non-repeatable levels by time:
     D:4: 1259 daAuts
     D:3: 933 daAuts
     D:5: 853 daAuts
     D:2: 837 daAuts
     D:1: 655 daAuts
     D:6: 326 daAuts
     D:7: 3 daAuts
